 Dungeon Crawl Stone Soup version 0.30-a0-626-gd6a5dd7a1f (webtiles) character file.

Game seed: 14335728441460282167

118 BaabKaare the Trooper (level 5, -5/41 HPs)
             Began as a Human Fighter on Jan 11, 2023.
             Slain by a gnoll
             ... wielding a +0 flail
              (9 damage)
             ... on level 3 of the Dungeon.
             The game lasted 00:08:08 (2586 turns).

BaabKaare the Trooper (Human Fighter)               Turns: 2586, Time: 00:08:08

Health: -5/41      AC: 11    Str: 16 (19) XL:     5   Next: 23%
Magic:  5/5        EV:  4    Int:  6 (8)  God:
Gold:   238        SH:  4    Dex: 10 (12) Spells: 3/5 levels left

rFire   . . .      SeeInvis .    a - +0 war axe
rCold   . . .      Faith    .    c - +0 buckler
rNeg    . . .      Spirit   .    p - +0 plate armour
rPois   .          Reflect  .    (no helmet)
rElec   .          Harm     .    (no cloak)
rCorr   .          Rampage  .    (no gloves)
Will    .....                    (no boots) Stlth
                                 (no amulet)
HPRegen 0.26/turn                (no ring)
MPRegen 0.09/turn                (no ring)

@: on berserk cooldown, slowed, very slow
A: no striking features
a: no special abilities


You were on level 3 of the Dungeon.
You visited 1 branch of the dungeon, and saw 4 of its levels.

You collected 238 gold pieces.

Inventory:

Hand Weapons
 a - a +0 war axe (weapon)
Armour
 c - a +0 buckler (worn)
 p - a +0 plate armour (worn)
Scrolls
 e - a scroll of noise {unknown}
 g - a scroll of poison {unknown}
 h - a scroll of fog {unknown}
 k - 3 scrolls of teleportation {unknown}
 m - 3 scrolls of identify {unknown}
 o - 2 scrolls of amnesia {unknown}
 q - 3 scrolls of fear {unknown}
 s - a scroll of enchant armour {unknown}
Potions
 d - a potion of might
 f - 2 potions of degeneration
 j - a potion of haste


   Skills:
 + Level 3.6 Fighting
 + Level 3.5 Axes
 + Level 3.5 Armour
 + Level 0.4 Dodging
 + Level 3.2 Shields
 * Level 0.5 Spellcasting
 * Level 0.2 Translocations


You had 3 spell levels left.
You knew the following spells:

 Your Spells              Type           Power      Damage    Failure   Level
a - Blink                 Tloc           0%         N/A       100%        2

Your spell library contained the following spells:

 Spells                   Type           Power      Damage    Failure   Level
 Momentum Strike          Conj/Tloc      0%         3d8       100%        2
 Lesser Beckoning         Tloc           0%         N/A       100%        3


Dungeon Overview and Level Annotations

Branches:
Dungeon (4/15)
 Temple: D:4-7

Altars:


Message History

You barely miss the kobold.
The kobold hits you with a +0 short sword. x2
You hit the kobold.
The kobold is severely wounded.
The kobold hits you but does no damage.
The kobold hits you with a +0 short sword.
You hit the kobold.
You kill the kobold!
You block the hobgoblin's attack.
You barely miss the hobgoblin.
The hobgoblin hits you but does no damage.
You block the hobgoblin's attack.
You closely miss the hobgoblin. You block the hobgoblin's attack.
The hobgoblin hits you but does no damage.
You closely miss the hobgoblin. The hobgoblin hits you.
The hobgoblin completely misses you.
You slash the hobgoblin!
You kill the hobgoblin!
The gnoll hits you with a +0 flail.
You hit the gnoll but do no damage. The gnoll hits you but does no damage.
The gnoll barely misses you.
You slash the gnoll!
The gnoll is heavily wounded.
The gnoll hits you but does no damage. The gnoll hits you with a +0 flail.
You closely miss the gnoll.
The gnoll is heavily wounded.
The gnoll barely misses you. The gnoll hits you with a +0 flail.
You barely miss the gnoll.
The gnoll is heavily wounded.
The gnoll hits you with a +0 flail!
* * * LOW HITPOINT WARNING * * *
The gnoll hits you with a +0 flail.
* * * LOW HITPOINT WARNING * * *
You hit the gnoll.
The gnoll is severely wounded.
The gnoll hits you but does no damage. x2
You barely miss the gnoll.
The gnoll is severely wounded.
You block the gnoll's attack. The gnoll hits you with a +0 flail!
You die...

######### #..#.. ..# #.......#
#..#.##.. #.......## #..#..$.
#........# #..#..#.# # #........#
#..#Kg#.... #.#....#.#
#...)...#########
#†#..#.†.####.##.####.#.......#
#.#.........#.##g#..#.#.#####>###
..............##@#..#.#.# #...#
...#..##..#.####.#..#.#.# ###.#
...#.#.##.#.####.#..#.#.##### #.#
.###.#.(#........#..#.......# #.#
#..(###..##......#......###.# #.#
.#.#...##.##.....##########.# #.#
##.###.#...#.............)..###.#
.##..#.##)#.....##########......#
#..#..#..##.....# #.######


You could see a gnoll.

Vanquished Creatures
  3 gnolls (D:3)
  2 adders
  4 dart slugs
  A worm (D:3)
  4 orcs (D:3)
  5 ball pythons
  3 endoplasms
  3 giant cockroaches
  4 goblins
  6 hobgoblins
  A jackal (D:3)
  2 quokkas (D:3)
  4 bats
  2 frilled lizards (D:2)
  8 kobolds
  7 rats
59 creatures vanquished.

Notes
Turn   | Place    | Note
-------+----------+-------------------------------------------
     0 | D:1      | BaabKaare the Human Fighter began the quest for the Orb.
     0 | D:1      | Reached XP level 1. HP: 18/18 MP: 1/1
   150 | D:1      | Reached XP level 2. HP: 24/24 MP: 2/2
   752 | D:2      | Reached XP level 3. HP: 29/29 MP: 3/3
   760 | D:2      | Learned a level 2 spell: Blink
  1224 | D:2      | Found a faded altar of an unknown god.
  1886 | D:3      | Reached XP level 4. HP: 35/35 MP: 4/4
  2559 | D:3      | Reached XP level 5. HP: 17/41 MP: 5/5
  2586 | D:3      | Slain by a gnoll

Illustrated notes

Levels and vault maps discovered:
D:1:      elethiomel_arrival_infinity_welcomes_careful_drivers,
          layout_loops_corners
D:2:      layout_loops_ring, dreamdust_ecumenical_altar_statues,
          serial_park_tiny_pond, minmay_pentomino_r4
D:3:      layout_basic, minmay_pentomino_pile
D:4:      minmay_razor_zed, layout_cave_pools, lemuel_doored_altar,
          serial_shops, shop, uniq_edmund

Skill      XL: |  1  2  3  4 |
---------------+-------------+-----
Axes           | 3 |  3.5
Fighting       | |  3.6
Armour         | |  3.5
Dodging        | |  0.4
Shields        | |  3.2
Spellcasting   | |  0.5
Translocations | |  0.2

Action                   |  1- 3 |  4- 6 || total
-------------------------+-------+-------++-------
Melee: War axe           |    91 |    86 ||   177
  Use: Potion            |       |     6 ||     6
Armor: Scale mail        |    25 |       ||    25
       Plate armour      |    24 |    63 ||    87
Dodge: Dodged            |    48 |    25 ||    73
Block: Buckler           |    29 |    18 ||    47

Table legend: (Time is in decaauts)
 A = Elapsed time spent in this place.
 B = Non-inter-level travel time spent in this place.
 C = Inter-level travel time spent in this place.
 D = Time resting spent in this place.
 E = Time spent auto-exploring this place.
 F = Levels seen in this place.
 G = Mean time per level.
                   A        B        C        D        E       F      G
               +--------+--------+--------+--------+--------+-----+--------+
         Total |   2671 |   2607 |     64 |    308 |   1329 |   4 |  667.8 |
       Dungeon |   2671 |   2607 |     64 |    308 |   1329 |   4 |  667.8 |
               +--------+--------+--------+--------+--------+-----+--------+

Top non-repeatable levels by time:
     D:1: 1041 daAuts
     D:2: 833 daAuts
     D:3: 792 daAuts
     D:4: 3 daAuts
